AoeStats
← ska_18

Nomad

509602644Analyzed
3v3 RM · 3d ago on Sep 27, 2026· 62m 19s· 6 players
Game mode
Random Map
Map size
210×210
Population
200
Speed
Normal
Resources
Standard
Victory
Conquest
Starting age
Dark Age
Ending age
Imperial Age
RankedLock teamsTeams togetherTeam positionsShared explorationLock speedFull tech treeHidden civsTurbo modeCheats
Victory
Defeat
🇨🇳 Persians · China
998
+14
🇦🇹 Saracens · Austria
932
+17
🇩🇪 Turks · Germany
918
+17
🇦🇺 Italians · Australia
955
-16
🇦🇺 Spanish · Australia
952
-16
🇦🇺 Persians · Australia
948
-16
Finkleberry Dinn
3:01 Loom
4:30 Loom
5:02 Loom
5:27 Loom
5:48 Loom
6:30 Loom
15:54 Feudal Age
19:17 Fishing Lines
23:01 Castle Age
22:36 Scale Barding Armor
22:24 Double-Bit Axe
22:21 Horse Collar
24:41 Forging
26:59 Bloodlines
28:31 Wheelbarrow
28:12 Town Watch
28:06 Pikeman
31:00 Husbandry
32:21 Gillnets
33:34 Light Cavalry
35:48 Hand Cart
36:20 Bow Saw
36:42 Town Patrol
38:18 Scale Mail Armor
38:38 Chain Barding Armor
38:54 Iron Casting
41:51 Imperial Age
40:09 Murder Holes
40:25 Masonry
39:49 Man-at-Arms
41:37 Fortified Wall
44:27 Two-Man Saw
44:39 Chemistry
44:00 Ballistics
43:33 Gold Mining
43:34 Stone Mining
44:26 Plate Barding Armor
44:52 Blast Furnace
44:09 Chain Mail Armor
43:48 Hussar
44:23 Capped Ram
45:30 Conscription
46:00 Heavy Plow
45:25 Cavalier
48:24 Plate Mail Armor
47:55 Padded Archer Armor
47:45 Fletching
49:16 Halberdier
51:36 Elite Conquistador
53:59 Bombard Tower
55:03 Caravan
55:00 Bodkin Arrow
55:21 Leather Archer Armor
58:12 Thumb Ring
CaptainPoland
6:43 Loom
14:08 Feudal Age
21:35 Castle Age
36:18 Double-Bit Axe
36:42 Padded Archer Armor
36:32 Fletching
40:13 Bow Saw
44:10 Imperial Age
44:19 Leather Archer Armor
46:12 Ballistics
46:26 Ring Archer Armor
45:52 Bodkin Arrow
46:32 Conscription
47:09 Wheelbarrow
46:47 Town Watch
48:42 Chemistry
49:35 Two-Man Saw
49:53 Bracer
52:44 Hand Cart
52:31 Town Patrol
54:54 Elite Genoese Crossbowman
Erasmus
6:50 Loom
15:13 Feudal Age
19:04 Castle Age
17:12 Double-Bit Axe
17:59 Horse Collar
26:06 Fishing Lines
26:32 Heavy Plow
26:45 Bow Saw
26:57 Fletching
28:08 Ballistics
28:01 Bodkin Arrow
28:50 Town Watch
29:40 Wheelbarrow
32:06 Hand Cart
34:19 Parthian Tactics
35:37 Scale Barding Armor
35:44 Bloodlines
38:45 Chain Barding Armor
38:41 Thumb Ring
40:19 Forging
40:12 Husbandry
41:16 Gold Mining
44:15 Imperial Age
43:02 Murder Holes
43:18 Masonry
42:35 Crossbowman
43:24 Stone Mining
44:11 Gold Shaft Mining
45:23 Conscription
45:05 Kamandaran
46:32 Plate Barding Armor
46:38 Iron Casting
47:54 Chemistry
46:48 Elite War Elephant
49:03 Heavy Camel Rider
54:44 Light Cavalry
56:31 Blast Furnace
55:26 Hussar
56:47 Town Patrol
58:52 Two-Man Saw
58:26 Crop Rotation
Steven
5:57 Loom
13:26 Feudal Age
14:35 Wheelbarrow
13:47 Double-Bit Axe
13:49 Fishing Lines
20:37 Castle Age
20:04 Stone Mining
22:52 Hand Cart
25:08 Stone Shaft Mining
26:36 Bow Saw
27:50 Horse Collar
28:42 Gold Mining
29:52 Gillnets
30:25 Demolition Ship
32:15 Heavy Plow
34:48 Gold Shaft Mining
34:17 Demolition Ship
38:24 Imperial Age
37:59 Bloodlines
37:50 Husbandry
37:59 Scale Barding Armor
38:04 Forging
38:39 Cavalier
40:52 Two-Man Saw
40:44 Crop Rotation
41:03 Chain Barding Armor
43:02 Plate Barding Armor
43:02 Iron Casting
43:22 Demolition Ship
44:43 Savar
46:57 Blast Furnace
45:48 Fletching
45:58 Padded Archer Armor
45:59 Scale Mail Armor
45:44 Demolition Ship
47:21 Conscription
48:48 Elite War Elephant
49:29 Kamandaran
dideaflorinfor93
3:20 Loom
9:48 Loom
13:00 Feudal Age
13:26 Double-Bit Axe
13:26 Fishing Lines
21:36 Castle Age
20:34 Gold Mining
22:55 Bow Saw
23:10 Stone Mining
23:45 Squires
23:30 Arson
24:30 Gillnets
25:20 Gold Shaft Mining
26:07 Wheelbarrow
31:14 Imperial Age
29:11 Husbandry
33:12 Two-Man Saw
32:36 Forging
33:24 Elite Cannon Galleon
35:29 Cavalier
42:02 Hand Cart
42:03 Heavy Scorpion
60:24 Sipahi
ska_18
3:21 Loom
14:27 Feudal Age
19:40 Castle Age
19:14 Stone Mining
20:21 Town Watch
23:08 Wheelbarrow
22:23 Double-Bit Axe
24:39 Forging
24:35 Scale Barding Armor
27:02 Gold Mining
27:12 Stone Mining
27:33 Bow Saw
31:46 Hand Cart
31:48 Horse Collar
32:34 Heavy Plow
34:05 Fishing Lines
35:04 Gold Shaft Mining
39:00 Imperial Age
37:55 Iron Casting
37:11 Fletching
37:41 Chain Barding Armor
38:25 Murder Holes
38:40 Fortified Wall
40:44 Chemistry
40:46 Blast Furnace
39:41 Bodkin Arrow
40:21 Fervor
40:31 Sanctity
41:31 Conscription
41:47 Hoardings
41:22 Bimaristan
42:26 Coinage
43:38 Two-Man Saw
43:15 Plate Barding Armor
42:09 Elite Mameluke
43:05 Bracer
44:05 Masonry
45:10 Banking
46:18 Husbandry
46:28 Bloodlines
45:38 Light Cavalry
48:18 Town Patrol
49:38 Siege Engineers
49:54 Ballistics
50:25 Bimaristan
53:56 Hussar
57:25 Guard Tower
Connection lost

Rejoining the realm…

Still unreachable

The connection could not be restored.

Session expired

The server has moved on; the page needs a fresh start.